 Dungeon Sprint DCSS version 0.21-a0-104-g7b58145 (webtiles) character file.

15 Kidiri the Ruffian (level 2, -3/24 HPs)
             Began as a Draconian Transmuter on July 5, 2017.
             Was a Believer of Wu Jian.
             Slain by an ice beast (11 damage)
             ... in the Dungeon (Sprint VII: "The Pits").
             The game lasted 00:01:25 (438 turns).

Kidiri the Ruffian (Draconian Transmuter)            Turns: 438, Time: 00:01:26

Health: -3/24      AC:  4    Str: 12    XL:     2   Next: 34%
Magic:  4/5        EV: 12    Int: 13    God:    Wu Jian [**....]
Gold:   0          SH:  0    Dex: 11    Spells: 3/6 levels left

rFire    . . .     SeeInvis .     - Unarmed
rCold    . . .     Gourm    .   (no shield)
rNeg     . . .     Faith    .   (armour unavailable)
rPois    .         Spirit   .   (helmet restricted)
rElec    .         Reflect  .   (no cloak)
rCorr    .         Harm     .   (no gloves)
MR       .....     NoTele   +   (no boots)
Stlth    +.........             (no amulet)
HPRegen  0.08/turn              (no ring)
MPRegen  0.09/turn              (no ring)

@: no status effects
A: unfitting armour, cold-blooded, AC +4
a: Renounce Religion


You were in the Dungeon.
You worshipped Wu Jian.
Wu Jian was pleased with you.
You were not hungry.

You visited 1 branch

Inventory:

Missiles
 a - 12 arrows
Scrolls
 i - a scroll of blinking
 k - 3 scrolls of remove curse
 l - 5 scrolls of amnesia
 m - a scroll of summoning
Potions
 d - a potion of curing
 e - a potion of heal wounds
 f - a potion of haste
 g - 4 potions of magic
 h - 2 potions of berserk rage
 j - 2 potions of invisibility
Books
 b - a book of Changes

   Spells                             Type                      Level
   a - Beastly Appendage              Transmutation                1
   b - Sticks to Snakes               Transmutation                2
   c - Spider Form                    Transmutation/Poison         3
   d - Ice Form                       Ice/Transmutation            4
   e - Blade Hands                    Transmutation                5
Comestibles
 c - 8 bread rations
 n - 40 fruits
 o - 7 meat rations
 p - 2 chunks of flesh


   Skills:
 + Level 2.0 Fighting
 * Level 2.6 Dodging
 + Level 1.1 Stealth
 * Level 3.8 Unarmed Combat
 * Level 2.7 Spellcasting
 + Level 2.6 Transmutations


You had 3 spell levels left.
You knew the following spells:

 Your Spells              Type           Power        Failure   Level  Hunger
a - Beastly Appendage     Tmut           #.....       9%          1    #......
b - Sticks to Snakes      Tmut           #.......     12%         2    ###....


Dungeon Overview and Level Annotations

Branches:
Dungeon (1/1)

Altars:
Ashenzari
Cheibriados
Dithmenos
Elyvilon
Fedhas
Gozag
Hepliaklqana
Kikubaaqudgha
Makhleb
Nemelex Xobeh
Okawaru
Qazlal
Ru
Sif Muna
Trog
Uskayaw
Vehumet
Wu Jian
Xom
Yredelemnul
Zin
The Shining One
Beogh
Jiyva
Lugonu


Innate Abilities, Weirdness & Mutations

Your plain brown scales are hard. (AC +4)
You cannot fit into any form of body armour.
You are cold-blooded and may be slowed by cold attacks.


Message History

You spin and attack the rat.
You barely miss the rat. Your headbutt misses the rat. The rat misses you.
Unknown command.
You spin and attack the rat.
You closely miss the rat. The rat misses you.
Unknown command.
You spin and attack the rat.
You barely miss the rat. The rat bites you but does no damage.
Unknown command.
You spin and attack the rat.
You hit the rat but do no damage. The rat misses you.
You see here a dagger.
Unknown command.
You spin and attack the ice beast.
You closely miss the ice beast.
Your tail-slap misses the ice beast.
The ice beast is severely wounded.
You spin and attack the rat.
You hit the rat.
The rat is heavily wounded.
Your horns disappear.
The ice beast hits you. The ice beast freezes you!
You die...

#_________.#
#_______...#########
##########+##.......
#.?(.+)))+.##......#
##########.##.......
#...........'.......
#+#####'#####......#
#..#..# #.......
#@r'..# ####+###
#)Y#### #.......
#..#..# #.......
#..#..# #.......
##'#..#+###...<...
#........##.......
#........##.......
###########.......
########


You could see an ice beast and a rat.

Vanquished Creatures
  An ufetubus (D)
  A leopard gecko (D)
  An orc (D)
  A hobgoblin (D)
  2 quokkas (D)
  A frilled lizard (D)
  A giant cockroach zombie (D)
8 creatures vanquished.

Notes
Turn   | Place    | Note
-------+----------+-------------------------------------------
     0 | D        | Kidiri the Draconian Transmuter began the quest for the Orb.
     0 | D        | Reached XP level 1. HP: 16/16 MP: 3/3
    49 | D        | Found a bloodstained altar of Trog.
    49 | D        | Found a deep blue altar of Sif Muna.
    49 | D        | Found a viscous altar of Jiyva.
    49 | D        | Found a hazy altar of Hepliaklqana.
    49 | D        | Found an opulent altar of Gozag.
    50 | D        | Found a glowing golden altar of the Shining One.
    50 | D        | Found a glowing silver altar of Zin.
    50 | D        | Found a basalt altar of Yredelemnul.
    50 | D        | Found a shimmering altar of Xom.
    50 | D        | Found an ornate altar of the Wu Jian Council.
    50 | D        | Found a sacrificial altar of Ru.
    50 | D        | Found a stormy altar of Qazlal.
    50 | D        | Found an iron altar of Okawaru.
    50 | D        | Found a sparkling altar of Nemelex Xobeh.
    50 | D        | Found a burning altar of Makhleb.
    50 | D        | Found a blossoming altar of Fedhas.
    50 | D        | Found a white marble altar of Elyvilon.
    50 | D        | Found a shadowy altar of Dithmenos.
    50 | D        | Found a snail-covered altar of Cheibriados.
    53 | D        | Found a corrupted altar of Lugonu.
    53 | D        | Found a radiant altar of Vehumet.
    53 | D        | Found a roughly hewn altar of Beogh.
    54 | D        | Found an ancient bone altar of Kikubaaqudgha.
    54 | D        | Found a hide-covered altar of Uskayaw.
    54 | D        | Found a shattered altar of Ashenzari.
    61 | D        | Became a worshipper of the Wu Jian Council
    95 | D        | Reached skill level 1 in Stealth
    95 | D        | Reached XP level 2. HP: 10/24 MP: 2/5
   123 | D        | Learned a level 2 spell: Sticks to Snakes
   300 | D        | Reached * piety under Wu Jian
   420 | D        | Reached ** piety under Wu Jian
   420 | D        | Noticed an ice beast
   438 | D        | Slain by an ice beast

Vault maps used:
D:        pitsprint

Skill      XL: |  1  2 |
---------------+-------+-----
Dodging        | 2 |  2.6
Stealth        | 1 |  1.1
Fighting       | 2 |  2.0
Unarmed Combat | |  3.8
Spellcasting   | |  2.7
Transmutations | |  2.6

Action                   || total
-------------------------++-------
Melee: Unarmed           ||    39
       Tailslap          ||     6
       Headbutt          ||     4
 Cast: Beastly Appendage ||     6
  Use: Potion            ||     1
 Stab: Sleeping          ||     2
Armor: Skin              ||     7
Dodge: Dodged            ||    32
